[Event "FIDE WYCC Open U14 2023"]
[Site "Montesilvano"]
[Date "2023.11.13"]
[Round "1.1"]
[White "Martinovic, David"]
[Black "Pham Tran Gia Phuc"]
[Result "0-1"]
[ECO "B90"]
[WhiteElo "1848"]
[BlackElo "2386"]
[Annotator "ChessBase"]
[PlyCount "82"]
[EventDate "2023.11.13"]
[EventType "swiss"]
[EventCountry "ITA"]
[SourceTitle "playchess.com"]
[Source "ChessBase"]
[SourceQuality "1"]
[TimeControl "40/5400+30:1800+30"]

1. e4 c5 2. Nf3 d6 3. d4 cxd4 4. Nxd4 Nf6 5. Nc3 a6 6. Be3 e5 7. Nb3 Be6 8. Qd2 Nbd7 9. f3 h5 10. Be2 Rc8 11. Nd5 Bxd5 12. exd5 Nb6 13. c4 Nxc4 14. Bxc4 Rxc4 15. Na5 Rc8 16. O-O Qd7 17. Rac1 Rxc1 18. Rxc1 Be7 19. Nc4 O-O 20. Nb6 Qb5 21. b4 Bd8 22. a4 Qe8 23. Rc8 Qe7 24. Rc4 Bxb6 25. Bxb6 Qd7 26. b5 axb5 27. Rc7 Qf5 28. a5 Rc8 29. Qc1 Rxc7 30. Qxc7 Qb1+ 31. Kf2 Qa2+ 32. Kg3 Qxd5 33. Qc8+ Kh7 34. Qf5+ Kh8 35. Bd8 Qe6 36. Qg5 b4 37. Bxf6 Qxf6 38. Qxh5+ Qh6 39. Qxf7 Qf4+ 40. Qxf4 exf4+ 41. Kxf4 b3 0-1

[Event "FIDE WYCC Open U14 2023"]
[Site "Montesilvano"]
[Date "2023.11.13"]
[Round "1.2"]
[White "Tabuenca Mendataurigoitia, Daniel"]
[Black "Zaragoza Alanis, Miguel Arnulfo"]
[Result "0-1"]
[ECO "C45"]
[WhiteElo "2383"]
[BlackElo "1838"]
[Annotator "ChessBase"]
[PlyCount "142"]
[EventDate "2023.11.13"]
[EventType "swiss"]
[EventCountry "ITA"]
[SourceTitle "playchess.com"]
[Source "ChessBase"]
[SourceQuality "1"]
[TimeControl "40/5400+30:1800+30"]

1. e4 e5 2. Nf3 Nc6 3. d4 exd4 4. Nxd4 Bc5 5. Be3 Qf6 6. c3 Nge7 7. Bb5 Qg6 8. O-O d6 9. b4 Bb6 10. Re1 O-O 11. Nd2 Bh3 12. Bf1 Kh8 13. Kh1 Bd7 14. b5 Ne5 15. f4 Ng4 16. f5 Nxe3 17. Rxe3 Qf6 18. Qe1 Rae8 19. e5 Qh6 20. Rh3 Qf4 21. e6 fxe6 22. fxe6 Bc8 23. Bd3 g6 24. N2f3 Kg8 25. Rh4 Qf6 26. Rg4 Bxd4 27. Nxd4 c5 28. bxc6 bxc6 29. Rg3 d5 30. Qe3 c5 31. Nb5 Nf5 32. Bxf5 Qxf5 33. Rf3 Qxe6 34. Rxf8+ Rxf8 35. Qxc5 Qe2 36. Nxa7 Bb7 37. Qb5 Qf2 38. h3 Qxa7 39. Qd7 Qb6 40. Re1 Qc6 41. Qg4 Qd6 42. a4 Ba6 43. Kg1 Rf4 44. Qg5 Bd3 45. a5 Be4 46. Re2 Qc5+ 47. Kh2 Qc7 48. Kg1 Kg7 49. Rf2 Rxf2 50. Kxf2 Qc5+ 51. Ke2 Qd6 52. Ke3 h6 53. Qg4 Qc5+ 54. Ke2 Bf5 55. Qg3 Qxa5 56. Qe5+ Kf7 57. Qh8 Qa6+ 58. Kd2 Qd3+ 59. Ke1 Qe3+ 60. Kd1 Qg1+ 61. Kd2 Qxg2+ 62. Ke3 Qxh3+ 63. Kd4 Qh4+ 64. Kc5 Qe7+ 65. Kxd5 Qf8 66. Qe5 Qe7 67. Qf4 Qe4+ 68. Qxe4 Bxe4+ 69. Kxe4 Ke6 70. c4 Kd6 71. Kd4 g5 0-1

[Event "FIDE WYCC Open U14 2023"]
[Site "Montesilvano"]
[Date "2023.11.13"]
[Round "1.3"]
[White "Boci, Mateo"]
[Black "Villa Tornero, Alex"]
[Result "0-1"]
[ECO "B42"]
[WhiteElo "1832"]
[BlackElo "2383"]
[Annotator "ChessBase"]
[PlyCount "134"]
[EventDate "2023.11.13"]
[EventType "swiss"]
[EventCountry "ITA"]
[SourceTitle "playchess.com"]
[Source "ChessBase"]
[SourceQuality "1"]
[TimeControl "40/5400+30:1800+30"]

1. e4 c5 2. Nf3 e6 3. d4 cxd4 4. Nxd4 a6 5. Bd3 Nf6 6. O-O Qc7 7. Qe2 d6 8. c4 Be7 9. Nc3 O-O 10. Kh1 b6 11. f4 Nbd7 12. Bd2 Re8 13. Rae1 Bb7 14. Nf3 g6 15. f5 Ne5 16. Nxe5 dxe5 17. fxe6 fxe6 18. Be3 Rf8 19. Na4 Qc6 20. Nc3 Rad8 21. Bc2 Nh5 22. Ba4 Qc7 23. Rxf8+ Rxf8 24. Qg4 Bc8 25. Bb3 Bc5 26. Bh6 Rf7 27. Rd1 Nf4 28. g3 Nh5 29. Na4 Nf6 30. Qe2 Nxe4 31. Qxe4 Bb7 32. Nxc5 bxc5 33. Rd5 exd5 34. cxd5 Qd6 35. Kg1 Rd7 36. Qf3 c4 37. Bxc4 Qc5+ 38. Qf2 Qxf2+ 39. Kxf2 Bxd5 40. Bxa6 Ra7 41. Bd3 Rxa2 42. Bc1 Ra1 43. Bd2 Rh1 44. Bc3 Rxh2+ 45. Ke3 Rh5 46. b4 Kf7 47. Be2 Rg5 48. Kf2 Rf5+ 49. Ke3 h5 50. b5 Ke6 51. Be1 Rf8 52. g4 Rh8 53. gxh5 gxh5 54. b6 h4 55. Bg4+ Kd6 56. Bh3 Kc6 57. Bc3 Rh5 58. Kf2 Kxb6 59. Kg1 Kc5 60. Kh2 e4 61. Bg4 Rh6 62. Bd2 Rg6 63. Bf5 Rf6 64. Be3+ Kc4 65. Bg4 Kd3 66. Bc5 e3 67. Bd7 e2 0-1

[Event "FIDE WYCC Open U14 2023"]
[Site "Montesilvano"]
[Date "2023.11.13"]
[Round "1.4"]
[White "Uskov, Artem"]
[Black "Meysman, Kaito"]
[Result "1-0"]
[ECO "B07"]
[WhiteElo "2380"]
[BlackElo "1832"]
[Annotator "RC"]
[PlyCount "95"]
[EventDate "2023.11.13"]
[EventType "swiss"]
[EventCountry "ITA"]
[SourceTitle "playchess.com"]
[Source "ChessBase"]
[SourceQuality "1"]
[TimeControl "40/5400+30:1800+30"]

1. e4 d6 2. d4 Nf6 3. Nc3 g6 4. h3 Bg7 5. Be3 O-O 6. Nf3 e6 7. Bd3 b6 8. Qe2 Bb7 9. O-O Nbd7 10. Rad1 d5 11. Bg5 h6 12. Bh4 g5 13. Bg3 c5 14. exd5 exd5 15. dxc5 Re8 16. Qd2 Nxc5 17. Nd4 Nfe4 18. Bxe4 dxe4 19. Qe3 Qf6 20. Ndb5 Ba6 21. b4 Na4 22. Rd6 Qe7 23. Nd5 Qf8 24. c4 Nb2 25. Qe2 f5 26. Rg6 Kh7 27. Qh5 Bxb5 28. Bd6 Qf7 29. Nf6+ Qxf6 30. Rxf6 Bxf6 31. Qf7+ Bg7 32. Qxf5+ Kh8 33. Qxb5 a6 34. Qd5 Rad8 35. c5 bxc5 36. bxc5 Nd3 37. Qc4 a5 38. Qb5 Bd4 39. Qc4 Bg7 40. Rb1 Nb4 41. Bc7 Rd4 42. Qb5 Rf8 43. Bxa5 Nd3 44. Bc3 Nxf2 45. Bxd4 Bxd4 46. Qc4 Rd8 47. Rb8 Nxh3+ 48. Kf1 1-0

[Event "FIDE WYCC Open U14 2023"]
[Site "Montesilvano"]
[Date "2023.11.13"]
[Round "1.5"]
[White "Ahn, Maximilian"]
[Black "Agasarov, Benik"]
[Result "0-1"]
[ECO "B24"]
[WhiteElo "1813"]
[BlackElo "2360"]
[Annotator "RC"]
[PlyCount "30"]
[EventDate "2023.11.13"]
[EventType "swiss"]
[EventCountry "ITA"]
[SourceTitle "playchess.com"]
[Source "ChessBase"]
[SourceQuality "1"]
[TimeControl "40/5400+30:1800+30"]

1. e4 c5 2. Nc3 Nc6 3. Bb5 Nd4 4. Nf3 e6 5. Nxd4 cxd4 6. Ne2 Qg5 7. Nxd4 Qc5 8. c3 e5 9. Bxd7+ Bxd7 10. Nb3 Qc7 11. O-O Nf6 12. Re1 Be7 13. d4 O-O 14. Bg5 exd4 15. cxd4 Ng4 0-1

[Event "FIDE WYCC Open U14 2023"]
[Site "Montesilvano"]
[Date "2023.11.13"]
[Round "1.6"]
[White "Arca, Christian Gian Karlo"]
[Black "Daaevik Wadhawan"]
[Result "1-0"]
[ECO "A45"]
[WhiteElo "2347"]
[BlackElo "1810"]
[Annotator "ChessBase"]
[PlyCount "109"]
[EventDate "2023.11.13"]
[EventType "swiss"]
[EventCountry "ITA"]
[SourceTitle "playchess.com"]
[Source "ChessBase"]
[SourceQuality "1"]
[TimeControl "40/5400+30:1800+30"]

1. d4 Nf6 2. Bf4 g6 3. Nc3 d5 4. e3 Bg7 5. h4 O-O 6. h5 c5 7. hxg6 hxg6 8. Nf3 Qb6 9. Rb1 Nc6 10. Be5 cxd4 11. exd4 Bg4 12. Qd2 Bxf3 13. gxf3 Nxe5 14. dxe5 d4 15. Nb5 Nd7 16. f4 Rfd8 17. b4 Qc6 18. Rh4 Nb6 19. Bd3 e6 20. Qe2 a6 21. Nd6 Rxd6 22. exd6 Qxd6 23. Qf3 Nd5 24. a3 Rc8 25. Kf1 Rd8 26. Kg2 Kf8 27. Re1 Qc7 28. Reh1 Nf6 29. Re1 Nd5 30. Qg3 Qc6 31. Be4 Qd6 32. Reh1 Qc7 33. R1h3 Nf6 34. Qg5 Re8 35. Rh8+ Bxh8 36. Rxh8+ Ng8 37. a4 b6 38. Rh7 Qe7 39. Qe5 Nf6 40. Kg1 Qd8 41. Rh8+ Ke7 42. Rxe8+ Kxe8 43. Bb7 a5 44. bxa5 bxa5 45. Qc5 Nd7 46. Bc6 Qc7 47. Qb5 Ke7 48. Bxd7 Qxd7 49. Qxa5 Qd6 50. Qe5 f6 51. Qe4 Qb4 52. Qxg6 Qxa4 53. Qg7+ Kd6 54. Qxf6 Qxc2 55. Qd8+ 1-0

[Event "FIDE WYCC Open U14 2023"]
[Site "Montesilvano"]
[Date "2023.11.13"]
[Round "1.7"]
[White "Sheahan, Gavin"]
[Black "Sowinski, Pawel"]
[Result "0-1"]
[ECO "A61"]
[WhiteElo "1807"]
[BlackElo "2347"]
[Annotator "ChessBase"]
[PlyCount "104"]
[EventDate "2023.11.13"]
[EventType "swiss"]
[EventCountry "ITA"]
[SourceTitle "playchess.com"]
[Source "ChessBase"]
[SourceQuality "1"]
[TimeControl "40/5400+30:1800+30"]

1. d4 Nf6 2. c4 e6 3. Nf3 c5 4. d5 exd5 5. cxd5 d6 6. Nc3 g6 7. Nd2 Nbd7 8. e4 Bg7 9. Be2 O-O 10. O-O Qe7 11. Nc4 Ne5 12. Ne3 a6 13. a4 Rb8 14. a5 b5 15. axb6 Rxb6 16. f4 Ned7 17. Nc4 Rb4 18. Bd3 Nb6 19. Ne3 Re8 20. Nc2 Bg4 21. Qe1 Rb3 22. h3 c4 23. hxg4 cxd3 24. Nd4 Rxc3 25. bxc3 Nxe4 26. Rf3 Nxd5 27. Rxd3 Nc5 28. Qxe7 Rxe7 29. Rd2 Nxc3 30. Bb2 Bxd4+ 31. Kh1 Bg7 32. Rxd6 Re8 33. Rc6 N3e4 34. Bxg7 Kxg7 35. Ra5 Nd3 36. g5 Nxf4 37. Rcxa6 Ne6 38. Re5 N4xg5 39. Raa5 h6 40. Ra7 Rc8 41. Re2 Nd4 42. Re1 Nf5 43. Kh2 Rc2 44. Kh1 h5 45. Rb1 h4 46. Ra3 Re2 47. Rb4 Ne4 48. Rb1 h3 49. gxh3 Neg3+ 50. Kg1 Ne3 51. Rxe3 Rxe3 52. Kf2 Nf5 0-1

[Event "FIDE WYCC Open U14 2023"]
[Site "Montesilvano"]
[Date "2023.11.13"]
[Round "1.8"]
[White "Daakshin Arun"]
[Black "Guretchii, Kirill"]
[Result "1-0"]
[ECO "D35"]
[WhiteElo "2342"]
[BlackElo "1806"]
[Annotator "ChessBase"]
[PlyCount "125"]
[EventDate "2023.11.13"]
[EventType "swiss"]
[EventCountry "ITA"]
[SourceTitle "playchess.com"]
[Source "ChessBase"]
[SourceQuality "1"]
[TimeControl "40/5400+30:1800+30"]

1. d4 Nf6 2. c4 e6 3. Nc3 d5 4. cxd5 exd5 5. Bg5 Nbd7 6. e3 Be7 7. Bd3 O-O 8. Nge2 Re8 9. O-O Nf8 10. Qc2 g6 11. f3 Ne6 12. Bh4 c6 13. Kh1 Nh5 14. Bf2 b5 15. Rae1 a5 16. e4 dxe4 17. Bxe4 Ra6 18. d5 cxd5 19. Rd1 b4 20. Nxd5 Rd6 21. Nxe7+ Qxe7 22. Rxd6 Qxd6 23. Rd1 Qa6 24. Nd4 Ng5 25. Qc6 Rd8 26. Qxa6 Bxa6 27. Bc2 Bb7 28. h4 Ne6 29. Nxe6 Rxd1+ 30. Bxd1 fxe6 31. Bb6 Bd5 32. Bxa5 Bxa2 33. Bxb4 Ng3+ 34. Kg1 Bc4 35. Kf2 Nf5 36. g4 Nxh4 37. Be7 g5 38. Bxg5 Ng6 39. b3 Bd5 40. b4 Kf7 41. Ke3 e5 42. Bc2 Ke6 43. Be4 Bc4 44. Bh6 Kf7 45. Bd3 Bd5 46. b5 Ke6 47. Be4 Bxe4 48. Kxe4 Ne7 49. Bf8 Nd5 50. Kd3 Nf4+ 51. Kc4 Ng6 52. Bc5 e4 53. fxe4 Ne5+ 54. Kd4 Nxg4 55. Bb4 Ne5 56. Ba5 h5 57. Bc7 Ng4 58. Bg3 Kd7 59. e5 Nh6 60. Kd5 Nf5 61. e6+ Ke8 62. b6 Ne7+ 63. Ke4 1-0

[Event "FIDE WYCC Open U14 2023"]
[Site "Montesilvano"]
[Date "2023.11.13"]
[Round "1.9"]
[White "Artemov, Andriy"]
[Black "Besou, Hussain"]
[Result "1-0"]
[ECO "E06"]
[WhiteElo "1779"]
[BlackElo "2341"]
[Annotator "RC"]
[PlyCount "145"]
[EventDate "2023.11.13"]
[EventType "swiss"]
[EventCountry "ITA"]
[SourceTitle "playchess.com"]
[Source "ChessBase"]
[SourceQuality "1"]
[TimeControl "40/5400+30:1800+30"]

1. d4 Nf6 2. c4 e6 3. g3 d5 4. Bg2 Be7 5. Nf3 O-O 6. O-O dxc4 7. Qc2 a6 8. a4 Bd7 9. Qxc4 Bc6 10. Bf4 Nbd7 11. Nc3 a5 12. Rfd1 Bb4 13. Ne5 Bxg2 14. Kxg2 c6 15. Rac1 Nb6 16. Qb3 Bxc3 17. Rxc3 Nfd5 18. Rcc1 Nxf4+ 19. gxf4 Qd5+ 20. Qxd5 exd5 21. b3 Rfe8 22. e3 Nc8 23. Rb1 f6 24. Nd3 Nd6 25. Rdc1 Re7 26. Nc5 Rc7 27. b4 axb4 28. Rxb4 b5 29. Ne6 Re7 30. Nc5 Kf7 31. axb5 cxb5 32. Rc2 Rc7 33. Kf3 Ke7 34. Ke2 Ra1 35. Kd3 Rh1 36. f3 Nc4 37. Nb3 Ra7 38. Re2 Rd1+ 39. Kc3 Rf1 40. Rxb5 Rxf3 41. Rxd5 Rxe3+ 42. Rxe3+ Nxe3 43. Rb5 Ng2 44. f5 Kd6 45. Na5 Rc7+ 46. Nc4+ Kd7 47. Rd5+ Ke7 48. Rc5 Rb7 49. d5 Nf4 50. Kd4 g6 51. Rc6 gxf5 52. Nb6 Kf7 53. Kc4 Ng6 54. Kb5 Ne5 55. Rc2 Nd7 56. Kc6 Rxb6+ 57. Kxd7 Ra6 58. d6 f4 59. Kc7 Ra7+ 60. Kb6 Ra8 61. Kb7 Rf8 62. Kc7 f3 63. Rf2 Ra8 64. Rxf3 Ra7+ 65. Kb6 Ra1 66. Re3 Rd1 67. Kc7 Rc1+ 68. Kd8 f5 69. Rd3 h6 70. d7 Rc5 71. Rd6 h5 72. h4 Rc4 73. Rd5 1-0

[Event "FIDE WYCC Open U14 2023"]
[Site "Montesilvano"]
[Date "2023.11.13"]
[Round "1.10"]
[White "Dotzer, Lukas"]
[Black "Nieto Foresti, Julian"]
[Result "1-0"]
[ECO "B43"]
[WhiteElo "2339"]
[BlackElo "1769"]
[Annotator "ChessBase"]
[PlyCount "71"]
[EventDate "2023.11.13"]
[EventType "swiss"]
[EventCountry "ITA"]
[SourceTitle "playchess.com"]
[Source "ChessBase"]
[SourceQuality "1"]
[TimeControl "40/5400+30:1800+30"]

1. e4 c5 2. Nf3 e6 3. d4 cxd4 4. Nxd4 a6 5. Nc3 Qc7 6. Bd3 Nf6 7. Qe2 d6 8. f4 Nbd7 9. g4 Nc5 10. g5 Nxd3+ 11. cxd3 Nd7 12. Be3 Be7 13. Rc1 Qb8 14. h4 b5 15. Nc6 Qb7 16. Na5 Qb8 17. Bd4 e5 18. Nc6 Qb7 19. Nd5 Bd8 20. Nxd8 Kxd8 21. Rc7 exd4 22. Rxb7 Bxb7 23. Qf2 Bxd5 24. exd5 Re8+ 25. Kd2 Re3 26. Re1 Nb6 27. Rxe3 dxe3+ 28. Qxe3 Kc7 29. Qe7+ Nd7 30. Qxf7 Rf8 31. Qxg7 Rxf4 32. Qxh7 Rf2+ 33. Ke3 Rxb2 34. g6 Rxa2 35. g7 Nf6 36. Qf5 1-0

[Event "FIDE WYCC Open U14 2023"]
[Site "Montesilvano"]
[Date "2023.11.13"]
[Round "1.11"]
[White "Heidarsson, Mikael Bjarki"]
[Black "Goh, Zi Han"]
[Result "0-1"]
[ECO "D35"]
[WhiteElo "1767"]
[BlackElo "2333"]
[Annotator "ChessBase"]
[PlyCount "122"]
[EventDate "2023.11.13"]
[EventType "swiss"]
[EventCountry "ITA"]
[SourceTitle "playchess.com"]
[Source "ChessBase"]
[SourceQuality "1"]
[TimeControl "40/5400+30:1800+30"]

1. d4 d5 2. c4 e6 3. Nc3 Nf6 4. cxd5 exd5 5. Bg5 c6 6. e3 Be7 7. Bd3 Nbd7 8. Nge2 Nh5 9. Bxe7 Qxe7 10. Ng3 Nf4 11. O-O Nxd3 12. Qxd3 O-O 13. f3 Nb6 14. e4 Qb4 15. exd5 cxd5 16. Rf2 Bd7 17. Re1 Rfe8 18. Rfe2 Rxe2 19. Rxe2 Be6 20. a3 Qd6 21. Nb5 Qd7 22. b3 a6 23. Nc3 Qd6 24. Nb1 a5 25. a4 Qb4 26. Qc3 Rc8 27. Qxb4 axb4 28. Kf2 Nd7 29. Nd2 Nb8 30. Ndf1 Nc6 31. Rd2 Na5 32. Rd3 Rc2+ 33. Nd2 Bd7 34. Ke2 b5 35. Kd1 Rc3 36. Rxc3 bxc3 37. b4 Nc6 38. Nb1 Nxb4 39. Nxc3 bxa4 40. Kc1 Nd3+ 41. Kb1 Nf4 42. Nge2 Nxg2 43. Nxd5 Nh4 44. f4 Nf3 45. Nb6 Bb5 46. Nc3 Bd3+ 47. Kb2 Nxd4 48. Ncxa4 Nf3 49. Kc3 Bf5 50. Nd5 Be4 51. Ne3 Nxh2 52. Nc5 Bc6 53. Kd2 Nf3+ 54. Ke2 Kf8 55. Nf5 g6 56. Nh6 f5 57. Ne6+ Ke7 58. Ng5 Nxg5 59. fxg5 Bd5 60. Ke3 Kd6 61. Kf4 Be6 0-1

[Event "FIDE WYCC Open U14 2023"]
[Site "Montesilvano"]
[Date "2023.11.13"]
[Round "1.12"]
[White "Perossa, Nicolas"]
[Black "Lam, Chun Yung Samuel"]
[Result "1-0"]
[ECO "B43"]
[WhiteElo "2330"]
[BlackElo "1750"]
[Annotator "ChessBase"]
[PlyCount "49"]
[EventDate "2023.11.13"]
[EventType "swiss"]
[EventCountry "ITA"]
[SourceTitle "playchess.com"]
[Source "ChessBase"]
[SourceQuality "1"]
[TimeControl "40/5400+30:1800+30"]

1. e4 c5 2. Nf3 e6 3. d4 cxd4 4. Nxd4 a6 5. Nc3 Qc7 6. g4 b5 7. a3 Bb7 8. Bg2 b4 9. axb4 Bxb4 10. O-O Bxc3 11. bxc3 Nf6 12. Re1 h5 13. g5 Ng4 14. h3 Ne5 15. Ba3 Nc4 16. Bb4 a5 17. Nb5 Qe5 18. Nd6+ Nxd6 19. Bxd6 Qxc3 20. Rb1 Qc6 21. Qd4 Rg8 22. Rb6 Qc8 23. Qb2 Nc6 24. Rxb7 Nb4 25. e5 1-0

[Event "FIDE WYCC Open U14 2023"]
[Site "Montesilvano"]
[Date "2023.11.13"]
[Round "1.13"]
[White "Merida Ceballos, Sebastian"]
[Black "George Micheal, Kevin"]
[Result "1/2-1/2"]
[ECO "B90"]
[WhiteElo "1727"]
[BlackElo "2317"]
[Annotator "ChessBase"]
[PlyCount "124"]
[EventDate "2023.11.13"]
[EventType "swiss"]
[EventCountry "ITA"]
[SourceTitle "playchess.com"]
[Source "ChessBase"]
[SourceQuality "1"]
[TimeControl "40/5400+30:1800+30"]

1. e4 c5 2. Nf3 d6 3. d4 cxd4 4. Nxd4 Nf6 5. Nc3 a6 6. f3 e5 7. Nb3 Be7 8. Be3 Be6 9. Qd2 h5 10. Be2 Nbd7 11. O-O O-O 12. Nd5 Bxd5 13. exd5 h4 14. c4 a5 15. a4 Nh7 16. Bd3 g6 17. Kh1 Bg5 18. Bxg5 Qxg5 19. Qxg5 Nxg5 20. Rae1 b6 21. Nd2 f5 22. f4 Nf7 23. g3 e4 24. Bc2 Nc5 25. g4 Nh6 26. g5 Nf7 27. Re3 Nd8 28. h3 Ndb7 29. b3 Na6 30. Nb1 Nb4 31. Bd1 Na2 32. Na3 Nb4 33. Nb5 Kf7 34. Kh2 Ke7 35. Kg2 Kd7 36. Kh2 Nd3 37. Bc2 Nb4 38. Bd1 Rfc8 39. Nc3 Nc5 40. Kg2 Ncd3 41. Kh2 Nb2 42. Nb5 Rc5 43. Re2 Nxd1 44. Rxd1 Rxb5 45. axb5 Nd3 46. Rf1 a4 47. Ra2 a3 48. Kg2 Nb4 49. Rd2 Kc7 50. Kf2 a2 51. Ra1 Ra3 52. Kg2 Kb7 53. Rb2 Nd3 54. Rbxa2 Nxf4+ 55. Kf1 Rxa2 56. Rxa2 Nxh3 57. Rh2 Nxg5 58. Rxh4 Nf3 59. Rh7+ Kc8 60. Rf7 Nd2+ 61. Ke1 Nxb3 62. Rf6 Kc7 1/2-1/2

[Event "FIDE WYCC Open U14 2023"]
[Site "Montesilvano"]
[Date "2023.11.13"]
[Round "1.14"]
[White "Lissillour, Baptiste"]
[Black "Skytte, Robert"]
[Result "1-0"]
[ECO "B10"]
[WhiteElo "2298"]
[BlackElo "1725"]
[Annotator "RC"]
[PlyCount "45"]
[EventDate "2023.11.13"]
[EventType "swiss"]
[EventCountry "ITA"]
[SourceTitle "playchess.com"]
[Source "ChessBase"]
[SourceQuality "1"]
[TimeControl "40/5400+30:1800+30"]

1. e4 c6 2. Nf3 d5 3. Nc3 dxe4 4. Nxe4 Nf6 5. Qe2 Nxe4 6. Qxe4 Nd7 7. d4 Nf6 8. Qf4 e6 9. Bd3 Be7 10. Qg3 h5 11. O-O Bd6 12. Qxg7 Rg8 13. Qh6 Ng4 14. Qxh5 Nf6 15. Qh4 Rg4 16. Qh6 Bf8 17. Qd2 Qd5 18. Qe2 Bd6 19. h3 Rg8 20. c4 Qh5 21. Kh1 Rxg2 22. Kxg2 e5 23. Ng5 1-0

[Event "FIDE WYCC Open U14 2023"]
[Site "Montesilvano"]
[Date "2023.11.13"]
[Round "1.15"]
[White "Yessengali, Adizhan"]
[Black "Zienkiewicz, Jan"]
[Result "1/2-1/2"]
[ECO "A01"]
[WhiteElo "1725"]
[BlackElo "2296"]
[Annotator "ChessBase"]
[PlyCount "86"]
[EventDate "2023.11.13"]
[EventType "swiss"]
[EventCountry "ITA"]
[SourceTitle "playchess.com"]
[Source "ChessBase"]
[SourceQuality "1"]
[TimeControl "40/5400+30:1800+30"]

1. b3 e5 2. Bb2 Nc6 3. e3 d5 4. Bb5 Nge7 5. Bxe5 a6 6. Bxc6+ Nxc6 7. Bg3 h5 8. h3 h4 9. Bf4 g5 10. Bh2 Bg7 11. d4 Bf5 12. a3 Qe7 13. Ne2 O-O-O 14. Nbc3 Bg6 15. b4 f5 16. Qd2 f4 17. Rf1 Rhe8 18. Bg1 Bh5 19. Qd3 Qf6 20. O-O-O Bg6 21. Qd2 f3 22. gxf3 Qxf3 23. Bh2 Qxh3 24. Rh1 Qf5 25. Rdg1 Qxf2 26. Rxg5 Bh6 27. Bf4 Bxg5 28. Bxg5 Rd7 29. Nf4 Qxd2+ 30. Kxd2 Be4 31. Rxh4 b6 32. Rh6 Kb7 33. Nxe4 Rxe4 34. Kd3 Re8 35. c3 Rg8 36. Ne6 Re8 37. Nf4 Nd8 38. Rf6 c6 39. Ng6 Rf7 40. Rd6 Re6 41. Rxd8 Rxg6 42. Bf4 Rh7 43. a4 b5 1/2-1/2

[Event "FIDE WYCC Open U14 2023"]
[Site "Montesilvano"]
[Date "2023.11.13"]
[Round "1.16"]
[White "Tenuunbold, Battulga"]
[Black "Schrimpf, Michael"]
[Result "1-0"]
[ECO "A52"]
[WhiteElo "2290"]
[BlackElo "1718"]
[Annotator "ChessBase"]
[PlyCount "79"]
[EventDate "2023.11.13"]
[EventType "swiss"]
[EventCountry "ITA"]
[SourceTitle "playchess.com"]
[Source "ChessBase"]
[SourceQuality "1"]
[TimeControl "40/5400+30:1800+30"]

1. d4 Nf6 2. c4 e5 3. dxe5 Ng4 4. Nf3 Bc5 5. e3 Nc6 6. Nc3 O-O 7. Be2 Re8 8. O-O Ngxe5 9. Nxe5 Nxe5 10. b3 a5 11. Na4 Bf8 12. f4 Nc6 13. Bf3 b6 14. Bb2 Bb7 15. e4 Qe7 16. Nc3 Nd8 17. Nd5 Bxd5 18. cxd5 Nb7 19. Qd2 a4 20. e5 Qb4 21. Bc3 Qc5+ 22. Kh1 axb3 23. axb3 c6 24. d6 Qb5 25. b4 Qc4 26. Be2 Qb3 27. Rab1 Qa2 28. Rb2 Qa7 29. Bc4 Qb8 30. Qd3 b5 31. Bb3 Nd8 32. Bc2 g6 33. f5 Bg7 34. Bb3 Kh8 35. Rbf2 Qb6 36. Bd4 Qb7 37. e6 dxe6 38. Bxg7+ Kxg7 39. d7 Re7 40. f6+ 1-0

[Event "FIDE WYCC Open U14 2023"]
[Site "Montesilvano"]
[Date "2023.11.13"]
[Round "1.17"]
[White "Rashed Abubaker, Alhemeiri"]
[Black "Cieslak, Patryk"]
[Result "0-1"]
[ECO "C55"]
[WhiteElo "1717"]
[BlackElo "2284"]
[Annotator "ChessBase"]
[PlyCount "84"]
[EventDate "2023.11.13"]
[EventType "swiss"]
[EventCountry "ITA"]
[SourceTitle "playchess.com"]
[Source "ChessBase"]
[SourceQuality "1"]
[TimeControl "40/5400+30:1800+30"]

1. e4 e5 2. Nf3 Nc6 3. Bc4 Nf6 4. d3 h6 5. O-O d6 6. h3 g5 7. Nh2 Bg7 8. c3 O-O 9. Re1 Ne7 10. Nd2 c6 11. Bb3 Ng6 12. Ndf1 Kh8 13. Ng3 Nh4 14. Nh5 Ng6 15. Nxg7 Kxg7 16. d4 Qe7 17. Nf1 Be6 18. Ng3 Nh4 19. Be3 Rfd8 20. Qd2 Kg6 21. Qe2 Kh7 22. Rad1 Rg8 23. dxe5 dxe5 24. Nf5 Nxf5 25. exf5 Bxf5 26. Bd4 e4 27. Bc2 Rge8 28. Bxf6 Qxf6 29. Rd4 Re5 30. Bxe4 Rae8 31. Qd3 Kg7 32. f3 Qe7 33. Re2 Be6 34. Qc2 c5 35. Rdd2 c4 36. Qb1 Bd5 37. Rd4 f5 38. Bxd5 Rxe2 39. Qxf5 Re1+ 40. Kh2 Rf8 41. Qg4 Qe5+ 42. Qg3 Rh1+ 0-1

[Event "FIDE WYCC Open U14 2023"]
[Site "Montesilvano"]
[Date "2023.11.13"]
[Round "1.18"]
[White "Matyassy, Lazar"]
[Black "Praveen, Jeeva"]
[Result "1-0"]
[ECO "B03"]
[WhiteElo "2281"]
[BlackElo "1714"]
[Annotator "ChessBase"]
[PlyCount "93"]
[EventDate "2023.11.13"]
[EventType "swiss"]
[EventCountry "ITA"]
[SourceTitle "playchess.com"]
[Source "ChessBase"]
[SourceQuality "1"]
[TimeControl "40/5400+30:1800+30"]

1. e4 Nf6 2. e5 Nd5 3. c4 Nb6 4. d4 d6 5. exd6 cxd6 6. Nc3 g6 7. h3 Bg7 8. Nf3 O-O 9. Be2 Nc6 10. O-O Bf5 11. d5 Na5 12. Nd4 Bd7 13. b3 Qc7 14. Be3 a6 15. Rc1 Rac8 16. Ne4 e5 17. dxe6 fxe6 18. Bg4 Rce8 19. Ng5 Rf6 20. Ne4 Rf7 21. Qd2 Nc6 22. Nxc6 Bxc6 23. Nxd6 Ree7 24. Nxf7 Kxf7 25. Bf4 e5 26. Bg5 Re8 27. Rcd1 Nc8 28. b4 Ne7 29. Bd7 Bxd7 30. Qxd7 Qxc4 31. Qxb7 Qe6 32. a4 h6 33. Bxe7 Rxe7 34. Qe4 Bf6 35. Rd5 Kg7 36. Rfd1 Qc6 37. b5 Qb7 38. bxa6 Qxa6 39. Rd7 Qe6 40. Rxe7+ Qxe7 41. Qc6 Qf8 42. Rd7+ Kh8 43. Qe6 Bg7 44. Qf7 Qxf7 45. Rxf7 Kg8 46. Rxg7+ Kxg7 47. a5 1-0

[Event "FIDE WYCC Open U14 2023"]
[Site "Montesilvano"]
[Date "2023.11.13"]
[Round "1.19"]
[White "Salinas Cardenas, Rodrigo Salvador"]
[Black "Averin, Nikolay"]
[Result "1-0"]
[ECO "D35"]
[WhiteElo "1714"]
[BlackElo "2270"]
[Annotator "ChessBase"]
[PlyCount "73"]
[EventDate "2023.11.13"]
[EventType "swiss"]
[EventCountry "ITA"]
[SourceTitle "playchess.com"]
[Source "ChessBase"]
[SourceQuality "1"]
[TimeControl "40/5400+30:1800+30"]

1. d4 d5 2. c4 e6 3. Nc3 Nf6 4. cxd5 exd5 5. Bg5 c6 6. e3 Bd6 7. Bd3 Nbd7 8. Nge2 Nf8 9. Qc2 Ng6 10. f3 h6 11. Bxf6 Qxf6 12. O-O Ne7 13. e4 Qe6 14. e5 Bc7 15. Nf4 Qd7 16. Nh5 O-O 17. Qf2 Nf5 18. Ne2 Bb6 19. g4 Nxd4 20. Nxd4 c5 21. Qh4 c4 22. Nf6+ gxf6 23. Bf5 Qe7 24. Kh1 Kg7 25. Ne2 Bxf5 26. gxf5 Qxe5 27. Ng3 Be3 28. f4 Bxf4 29. Rxf4 Rg8 30. Nh5+ Kf8 31. Nxf6 Qxb2 32. Qxh6+ Ke7 33. Re1+ Kd8 34. Nxg8 Qb4 35. Qf6+ Kc8 36. Ne7+ Kd7 37. Rd1 1-0

[Event "FIDE WYCC Open U14 2023"]
[Site "Montesilvano"]
[Date "2023.11.13"]
[Round "1.20"]
[White "Kozlovic, Jernej"]
[Black "Rustemov, Gurbanmyrat"]
[Result "1-0"]
[ECO "B00"]
[WhiteElo "2263"]
[BlackElo "1713"]
[Annotator "ChessBase"]
[PlyCount "59"]
[EventDate "2023.11.13"]
[EventType "swiss"]
[EventCountry "ITA"]
[SourceTitle "playchess.com"]
[Source "ChessBase"]
[SourceQuality "1"]
[TimeControl "40/5400+30:1800+30"]

1. e4 Nc6 2. Nf3 d5 3. exd5 Qxd5 4. Nc3 Qa5 5. Bc4 Bg4 6. h3 Bh5 7. O-O O-O-O 8. Be2 Nf6 9. d3 h6 10. a3 e6 11. Be3 Bxf3 12. Bxf3 Nd4 13. Re1 g5 14. b4 Qf5 15. Bxd4 Rxd4 16. Ne2 Rh4 17. Ng3 Qg6 18. Re5 Bd6 19. Ra5 Kb8 20. Qe2 Rd8 21. Ne4 Nxe4 22. dxe4 e5 23. g3 Rxh3 24. Bg4 h5 25. Bxh3 g4 26. Bg2 h4 27. gxh4 Rh8 28. Rd5 Rxh4 29. Rd3 Rh6 30. Rg3 1-0